Map: Submarine LE

Players

EnDerr

  • Race: Zerg Zerg
  • Spawn Location: 5:00

Seither - Winner!

  • Race: Terran Terran
  • League: Grandmaster
  • Spawn Location: 11:00

Event: DreamHack SC2 Masters 2020 Winter

VOD

Have the link to the VOD?

Description

Time

  • Played on: Oct. 24, 2020, 7:11 a.m.
  • Length: 8:39

All games in this series

Show
View Real Time Build Order
Export as new Build Order

EnDerr Zerg 

Build Orders: Pool First 

Get SALT Encoding   

  12  0:02  Drone  
  13  0:13  Overlord  
  13  0:28  Drone  
  14  0:31  Drone x2  
  16  0:38  Extractor  
  16  0:40  Drone  
  16  0:47  Spawning Pool  
  15  0:51  Drone  
  16  1:00  Drone  
  17  1:19  Hatchery  
  16  1:34  Zergling x4  
  16  1:35  Zergling x2  
  19  1:42  Metabolic Boost  
  19  1:48  Queen  
  21  1:57  Overlord  
  21  2:05  Drone  
  22  2:18  Drone x2  
  24  2:24  Queen  
  26  2:30  Drone  
  27  2:44  Hatchery  
  26  2:46  Drone x3  
  29  3:01  Drone x3  
  29  3:02  Drone  
  33  3:10  Drone x2  
  35  3:18  Overlord  
  35  3:20  Drone  
  36  3:34  Overlord  
  36  3:37  Drone  
  36  3:38  Drone  
  36  3:39  Drone  
  39  3:44  Roach Warren  
  39  3:47  Drone x4, Queen  
  44  3:50  Extractor  
  43  3:56  Drone x2  
  45  4:05  Overlord  
  45  4:11  Zergling x4  
  45  4:15  Overlord  
  47  4:22  Overlord  
  49  4:24  Roach x6  
  59  4:38  Zergling x6  
  62  4:40  Zergling x6  
  65  4:47  Zergling x10  
  70  4:53  Overlord  
  70  4:55  Ravager x2  
  70  4:56  Zergling x2  
  73  5:00  Zergling x2  
  73  5:02  Zergling x4  
  73  5:03  Zergling x2  
  73  5:04  Zergling x2  
  73  5:06  Ravager  
  79  5:08  Zergling x2  
  79  5:12  Zergling x4  
  77  5:21  Zergling x2  
  77  5:24  Overlord x2  
  77  5:26  Zergling x6  
  81  5:30  Zergling x2  
  81  5:33  Overlord x2  
  81  5:34  Overlord  
  81  5:44  Ravager x2  
  81  5:45  Ravager  
  79  5:53  Zergling x2  
  79  5:56  Zergling x2  
  66  5:57  Zergling x2  
  66  6:00  Zergling x2  
  66  6:02  Zergling x4  
  66  6:03  Zergling x2  
  66  6:04  Zergling x2  
  60  6:05  Zergling x2  
  60  6:07  Queen x2  
  62  6:12  Zergling x4  
  62  6:18  Drone x2  
  65  6:19  Drone x5  
  65  6:22  Spore Crawler  
  65  6:23  Spore Crawler  
  65  6:32  Drone x2  
  62  6:38  Spore Crawler  
  59  6:46  Drone x7  
  66  6:49  Drone  
  66  6:54  Drone x2  
  66  6:56  Drone  
  66  6:58  Drone x2  
  66  6:59  Drone  
  67  7:06  Drone  
  67  7:07  Drone x2  
  70  7:12  Extractor  
  70  7:13  Lair  
  69  7:25  Evolution Chamber  
  69  7:27  Evolution Chamber  
  69  7:29  Drone x4  
  71  7:31  Overlord  
  71  7:32  Extractor  
  71  7:35  Roach  
  71  7:36  Roach x2  
  76  7:46  Drone x3  
  76  7:49  Overlord  
  79  7:53  Extractor  
  78  7:59  Ravager x2  
  78  8:00  Ravager  
  78  8:01  Roach x7  
  78  8:05  Roach x2  
  99  8:12  Roach x2  
  81  8:13  Roach x2  
Show
View Real Time Build Order
Export as new Build Order

Seither Terran - Winner!

Build Orders: Reaper Expand 

Get SALT Encoding   

  12  0:00  SCV  
  13  0:12  SCV  
  14  0:18  Supply Depot  
  14  0:24  SCV  
  15  0:39  SCV  
  15  0:40  Barracks  
  16  0:46  Refinery  
  16  0:52  SCV  
  17  1:04  SCV  
  18  1:16  SCV  
  19  1:28  Orbital Command, Reaper  
  20  1:41  Command Center  
  20  1:52  Supply Depot  
  20  1:54  SCV  
  20  2:00  Marine  
  22  2:06  SCV  
  23  2:09  Factory  
  22  2:18  SCV  
  23  2:23  Barracks Reactor  
  23  2:24  Refinery  
  23  2:30  SCV  
  24  2:42  SCV  
  25  2:52  Orbital Command  
  25  2:55  Starport, SCV  
  26  3:06  Hellion  
  26  3:07  SCV, Hellion  
  31  3:15  Marine  
  31  3:19  SCV  
  33  3:24  SCV  
  34  3:29  Hellion x2  
  34  3:31  SCV  
  38  3:35  Fusion Core  
  38  3:37  Starport Tech Lab  
  38  3:41  Barracks Tech Lab, SCV  
  38  3:43  SCV  
  38  3:45  Supply Depot  
  40  3:53  SCV  
  40  3:55  SCV  
  42  4:05  SCV, Barracks  
  42  4:06  Barracks  
  42  4:07  SCV  
  42  4:09  Supply Depot  
  44  4:11  Factory Reactor  
  44  4:13  Refinery  
  44  4:18  SCV  
  44  4:19  SCV  
  46  4:30  SCV  
  47  4:31  SCV  
  47  4:36  Battlecruiser  
  47  4:38  Marine  
  54  4:42  SCV  
  54  4:43  Supply Depot, SCV  
  57  4:51  Engineering Bay  
  56  4:54  SCV  
  56  4:56  SCV  
  56  4:57  Marine x3  
  61  5:02  Marine, Refinery  
  61  5:04  Marine, Factory Tech Lab  
  61  5:06  Supply Depot  
  63  5:08  SCV x2  
  64  5:23  Marine x3  
  64  5:27  Siege Tank  
  64  5:29  Supply Depot, SCV  
  64  5:34  Supply Depot  
  64  5:45  Terran Infantry Weapons Level 1  
  62  5:55  Marine x4  
  60  6:03  Orbital Command  
  58  6:20  Supply Depot  
  58  6:21  Marine, Siege Tank  
  58  6:23  Stimpack, Starport Reactor  
  62  6:36  Marine x4  
  62  6:37  SCV x2  
  68  6:40  Marine  
  69  6:49  SCV  
  69  6:50  Supply Depot  
  69  6:51  Supply Depot  
  70  6:54  Marine x3  
  70  7:00  Marine x2  
  75  7:03  Medivac  
  75  7:07  SCV  
  78  7:11  Medivac, SCV  
  81  7:17  Marine x3  
  81  7:22  Refinery  
  84  7:23  Supply Depot  
  84  7:24  SCV x2  
  84  7:27  Marine x2  
  88  7:32  Siege Tank  
  91  7:40  Marine x2  
  91  7:42  SCV  
  94  7:45  Medivac x2, SCV  
  99  7:52  Supply Depot  
  99  7:54  Supply Depot  
  99  7:56  Marine  
  99  7:57  Marine x2  
  102  8:09  SCV  
  102  8:10  SCV  
  97  8:21  SCV  
  97  8:22  SCV  
Tags
 
Add a new tag
Caveats
  • Supply blocks, unpowered buildings, or Contaminate may cause inaccurate times.
  • Supply counts are checked every 10 seconds.